 Dungeon Crawl Stone Soup version 0.32-a0-30-gefbe487952 (webtiles) character file.

Game seed: 15257708862940207854

60 pokeman the Magician (level 3, -1/20 HPs)
             Began as a Deep Elf Hedge Wizard on Jan 20, 2024.
             Succumbed to poison
             ... on level 2 of the Dungeon.
             The game lasted 00:03:09 (2244 turns).

pokeman the Magician (Deep Elf Hedge Wizard)        Turns: 2244, Time: 00:03:10

Health: -1/20      AC:  4    Str:  7    XL:     3   Next: 82%
Magic:  1/11       EV: 12    Int: 20    God:
Gold:   30         SH:  0    Dex: 14    Spells: 4/12 levels left

rFire   . . .        a - +0 dagger
rCold   . . .        (no shield)
rNeg    . . .        b - +0 robe
rPois   .            g - +2 hat
rElec   .            (no cloak)
rCorr   .            (no gloves)
SInv    .            (no boots)
Will    .....        (no amulet)
Stlth   ++           (no ring)
HPRegen 0.23/turn    (no ring)
MPRegen 0.12/turn

%: no passive effects
@: lethally poisoned (-1 -> -15), very slightly contaminated
A: no striking features
a: no special abilities


You were on level 2 of the Dungeon.
You visited 1 branch of the dungeon, and saw 2 of its levels.

You collected 30 gold pieces.

Inventory:

Hand Weapons
 a - a +0 dagger (weapon)
Armour
 b - a +0 robe (worn)
 g - a +2 hat (worn)
Scrolls
 c - a scroll of poison {unknown}
 e - a scroll of vulnerability {unknown}
 f - 2 scrolls of fog {unknown}
 h - 2 scrolls of brand weapon {unknown}
 l - a scroll of identify {unknown}
 m - a scroll of silence {unknown}
Potions
 d - a potion of magic
 i - a potion of brilliance {unknown}
 j - a potion of degeneration {unknown}
 k - a potion of resistance {unknown}
 n - a potion of curing {unknown}


   Skills:
 - Level 1.0 Fighting
 - Level 1.0 Armour
 + Level 2.5 Dodging
 + Level 2.5 Stealth
 * Level 5.4 Spellcasting
 + Level 2.0 Conjurations
 - Level 1.1 Summonings
 - Level 1.1 Translocations


You had 4 spell levels left.
You knew the following spells:

 Your Spells              Type           Power      Damage    Failure   Level
a - Magic Dart            Conj           52%        1d5       4%          1
b - Mephitic Cloud        Conj/Alch/Air  8%         N/A       26%         3
c - Call Imp              Summ           18%        N/A       11%         2
d - Blink                 Tloc           18%        N/A       11%         2

Your spell library contained the following spells:

 Spells                   Type           Power      Damage    Failure   Level
 Summon Small Mammal      Summ           36%        N/A       7%          1
 Slow                     Hex            20%        N/A       11%         1
 Static Discharge         Conj/Air       18%        3-4/arc   11%         2
 Cigotuvi's Dreadful Rot  Necr/Alch/Air  10%        N/A       17%         2
 Call Canine Familiar     Summ           9%         N/A       22%         3
 Summon Blazeheart Golem  Fire/Summ      7%         N/A       65%         4
 Summon Lightning Spire   Summ/Air       7%         N/A       65%         4
 Airstrike                Air            2%         2d(1-17)  73%         4


Dungeon Overview and Level Annotations

Branches:
Dungeon (2/15)

Altars:
Ashenzari

Shops:
D:1 *


Message History

An adder comes into view.
A gnoll comes into view. It is wielding a +0 club.
The adder moves out of view.
Your Conjurations skill increases to level 2!
The gnoll is engulfed in noxious fumes.
The gnoll appears confused.
The gnoll is engulfed in noxious fumes.
The gnoll appears confused.
The gnoll hits you with a +0 club.
The gnoll barely misses itself.
You hit the gnoll but do no damage.
The adder hisses angrily.
You hit the gnoll but do no damage. The gnoll barely misses you.
You hit the gnoll.
The gnoll is lightly wounded.
Your magical contamination has completely faded away.
The gnoll hits you with a +0 club.
You hit the gnoll but do no damage.
The gnoll is lightly wounded.
The gnoll closely misses the adder.
You hit the gnoll.
The gnoll is moderately wounded.
Casting: Mephitic Cloud (extremely dangerous; 26% risk of failure)
Confirm with . or Enter, or press ? or * to list all spells.
Aiming: Mephitic Cloud (extremely dangerous; 26% risk of failure)
Press: ? - help, Shift-Dir - straight line, f - adder
Aim: an adder (chance to affect: 91%)
You miscast Mephitic Cloud.
You are very lightly contaminated with residual magic.
You are engulfed in toxic fumes.
You are lethally poisoned!
You feel very sick. The adder barely misses you.
Unknown command.
Unknown command.
You barely miss the adder.
* * * LOW HITPOINT WARNING * * *
You feel very sick. The adder closely misses you. The adder barely misses you.
Unknown command.
You aren't carrying any items that you can evoke.
You barely miss the adder.
You die...

#.......# ##
#...._..####### #.
#.#...........# #.
#.#........##.######.
#.......##...........
#.##.##.#####.######.
#.##.##.#####.# #.
#.##.##.......# #.
#.##@##.####### ##
#.##S##.########## #
#..g....##...<...# #
####.#####.......# #
#.# #.......# # ..#
#.......# # ..#
#.......# # ...
#.......# # ....
#.......# #


You could see a gnoll (confused) and an adder.

Vanquished Creatures
  A gnoll (D:2)
  A bat (D:1)
  3 endoplasms (D:1)
  5 giant cockroaches
  A goblin (D:2)
  7 hobgoblins
  8 jackals
  2 kobolds (D:2)
  4 quokkas
  5 ball pythons
  A frilled lizard (D:1)
  4 rats (D:2)
42 creatures vanquished.

Notes
Turn   | Place    | Note
-------+----------+-------------------------------------------
     0 | D:1      | pokeman the Deep Elf Hedge Wizard began the quest for the
                  | Orb.
     0 | D:1      | Reached XP level 1. HP: 10/10 MP: 7/7
   435 | D:1      | Reached XP level 2. HP: 11/16 MP: 2/9
   973 | D:1      | Reached skill level 5 in Spellcasting
   998 | D:1      | Found Catz's General Store.
  1558 | D:2      | Reached XP level 3. HP: 20/20 MP: 5/11
  1585 | D:2      | Learned a level 3 spell: Mephitic Cloud
  1588 | D:2      | Learned a level 2 spell: Call Imp
  1591 | D:2      | Learned a level 2 spell: Blink
  2091 | D:2      | Reached skill level 1 in Armour
  2130 | D:2      | Reached skill level 1 in Fighting
  2197 | D:2      | Found a broken altar of Ashenzari.
  2244 | D:2      | Succumbed to poison

Illustrated notes

Levels and vault maps discovered:
D:1:      minmay_arrival_widening_spiral_narrow, layout_loops_ring,
          serial_shops, nicolae_shop_statue_plus
D:2:      layout_loops_cross, basic_altar

Skill      XL: |  1  2  3 |
---------------+----------+-----
Spellcasting   | 5 |  5.4
Armour         | 1 |  1.0
Fighting       | 1 |  1.0
Conjurations   | 2 |  2.0
Dodging        | |  2.5
Stealth        | |  2.5
Summonings     | |  1.1
Translocations | |  1.1

Action                     || total
---------------------------++-------
  Melee: Dagger            ||    48
   Cast: Magic Dart        ||   107
         Mephitic Cloud    ||     1
   Stab: Confused          ||     1
 Armour: Robe              ||    31
  Dodge: Dodged            ||    44

Table legend: (Time is in decaauts)
 A = Elapsed time spent in this place.
 B = Non-inter-level travel time spent in this place.
 C = Inter-level travel time spent in this place.
 D = Time resting spent in this place.
 E = Time spent auto-exploring this place.
 F = Levels seen in this place.
 G = Mean time per level.
                   A        B        C        D        E       F      G
               +--------+--------+--------+--------+--------+-----+--------+
         Total |   2243 |   2120 |    123 |     71 |   1766 |   2 | 1121.5 |
       Dungeon |   2243 |   2120 |    123 |     71 |   1766 |   2 | 1121.5 |
               +--------+--------+--------+--------+--------+-----+--------+

Top non-repeatable levels by time:
     D:1: 1504 daAuts
     D:2: 739 daAuts
